 Dungeon Crawl Stone Soup version 0.26-a0-812-g31a745ddcd (webtiles) character file.

Game seed: 15813360186773773650

13 tilp the Sneak (level 2, 0/25 HPs)
             Began as a Naga Wanderer on Nov 30, 2020.
             Slain by an adder (3 damage)
             ... on level 2 of the Dungeon.
             The game lasted 00:03:15 (458 turns).

tilp the Sneak (Naga Wanderer)                       Turns: 458, Time: 00:03:16

Health: 0/25       AC:  3    Str: 16    XL:     2   Next: 37%
Magic:  2/2        EV:  8    Int: 12    God:
Gold:   0          SH:  0    Dex:  8    Spells: 1/1 levels left

rFire    . . .     SeeInvis +   a - +2 short sword
rCold    . . .     Faith    .   (no shield)
rNeg     . . .     Spirit   .   h - +0 ring mail
rPois    +         Reflect  .   (no helmet)
rElec    .         Harm     .   (no cloak)
rCorr    .         Rampage  .   (no gloves)
MR       .....                  (no barding)
Stlth    ++........             (no amulet)
HPRegen  0.08/turn              (no ring)
MPRegen  0.08/turn              (no ring)

@: lethally poisoned (0 -> -4), very slow
A: large, see invisible, deformed body, poison resistance, slowness 2, spit
poison 1, AC +0
a: Spit Poison


You were on level 2 of the Dungeon.
You visited 1 branch of the dungeon, and saw 2 of its levels.

Inventory:

Hand Weapons
 a - a +2 short sword (weapon)
 b - a +0 quarterstaff
 e - a +0 dagger
 g - a +1 hunting sling of flaming
Armour
 d - a +0 robe
 h - a +0 ring mail (worn)
Scrolls
 c - 2 scrolls of teleportation
 f - a scroll of identify {unknown}


   Skills:
 - Level 1.0 Fighting
 - Level 3.0 Short Blades
 + Level 4.6 Stealth
   Level 1.0 Shields
   Level 2.0 Necromancy
   Level 1.3 Poison Magic


You had one spell level left.
You didn't know any spells.
Your spell library was empty.

Dungeon Overview and Level Annotations

Branches:
Dungeon (1/15)

Altars:


Innate Abilities, Weirdness & Mutations

You cannot wear boots.
Your serpentine skin is tough. (AC +0)
You have supernaturally acute eyesight. (SInv)
Armour fits poorly on your strangely shaped body.
Your system is resistant to poisons. (rPois)
You cover ground very slowly.
You can spit poison.


Message History

The adder is heavily wounded.
The adder bites you.
You barely miss the adder.
The adder is heavily wounded.
The adder bites you.
* * * LOW HITPOINT WARNING * * *
The adder bites you.
* * * LOW HITPOINT WARNING * * *
You hit the adder but do no damage.
The adder is heavily wounded.
You feel sick. The adder barely misses you.
You barely miss the adder.
The adder is heavily wounded.
The adder bites you.
* * * LOW HITPOINT WARNING * * *
You hit the adder.
The adder is severely wounded.
You have got your breath back.
The adder bites you.
You die...

..## #####..#.....#
.....#............#
.............†....#
r......?.....######
...............#
.............#.##
.............#..#
.............##.######
..............@......#
..............S......#
.###..####...........#
.. #.........#####
#[....###.# .......
#.# #...... #...#
....... ###.# .......
..#


You could see an adder.

Vanquished Creatures
  An ooze (D:1)
  A leopard gecko (D:2)
  A ball python (D:2)
  2 bats
  A frilled lizard (D:1)
  2 rats (D:1)
8 creatures vanquished.

Notes
Turn   | Place    | Note
-------+----------+-------------------------------------------
     0 | D:1      | tilp the Naga Wanderer began the quest for the Orb.
     0 | D:1      | tilp set off with the following items: a +2 short sword, a
                  | +0 quarterstaff, a scroll of teleportation, a +0 robe, a +0
                  | dagger
     0 | D:1      | Reached XP level 1. HP: 18/18 MP: 1/1
    44 | D:1      | Reached skill level 4 in Stealth
   234 | D:1      | Reached XP level 2. HP: 25/25 MP: 2/2
   356 | D:1      | You fall into a shaft and drop 1 floor!
   458 | D:2      | Slain by an adder

Illustrated notes

Levels and vault maps discovered:
D:1:      tarquinn_simple_flora_water_e, layout_basic, minivault_23
D:2:      layout_rooms

Skill      XL: |  1 |
---------------+----+-----
Stealth        | 4 |  4.6
Fighting       | |  1.0
Short Blades   | |  3.0
Shields        | |  1.0
Necromancy     | |  2.0
Poison Magic   | |  1.3

Action                   || total
-------------------------++-------
Melee: Short sword       ||    28
 Abil: Spit Poison       ||    10
 Stab: Sleeping          ||     1
Armor: Ring mail         ||     3
Dodge: Dodged            ||    15

Table legend: (Time is in decaauts)
 A = Elapsed time spent in this place.
 B = Non-inter-level travel time spent in this place.
 C = Inter-level travel time spent in this place.
 D = Time resting spent in this place.
 E = Time spent auto-exploring this place.
 F = Levels seen in this place.
 G = Mean time per level.
                   A        B        C        D        E       F      G
               +--------+--------+--------+--------+--------+-----+--------+
         Total |    532 |    532 |      0 |    210 |    137 |   2 |  266.0 |
       Dungeon |    532 |    532 |      0 |    210 |    137 |   2 |  266.0 |
               +--------+--------+--------+--------+--------+-----+--------+

Top non-repeatable levels by time:
     D:1: 412 daAuts
     D:2: 120 daAuts
